 Dungeon Crawl Stone Soup version 0.30-a0-953-g5f1da4a474 (webtiles) character file.

Game seed: 9902860823858521718

1443493 PaperRat the Politician (level 27, 177/179 HPs)
             Began as a Kobold Wanderer on Mar 28, 2023.
             Was the Champion of Wu Jian.
             Escaped with the Orb
             ... and 3 runes on Mar 30, 2023!
             The game lasted 08:16:40 (101561 turns).

PaperRat the Politician (Kobold Wanderer)         Turns: 101561, Time: 08:16:40

Health: 177/179    AC: 16    Str: 15    XL:     27
Magic:  43/43      EV: 37    Int: 23    God:    Wu Jian [******]
Gold:   3407       SH: 10    Dex: 21    Spells: 10/58 levels left

rFire   + . .      SeeInvis +    a - +9 short sword (distort)
rCold   + . .      Faith    .    l - +3 buckler {rC+}
rNeg    + . .      Spirit   .    Y - +2 robe {Will+}
rPois   +          Reflect  .    P - +2 helmet
rElec   +          Rampage  .    B - +2 cloak {Will+}
rCorr   +          Clarity  +    w - +2 pair of gloves
Will    ++++.                    H - +0 pair of boots of Omission {rElec}
Stlth   ++                       k - amulet of magic regeneration
HPRegen 0.49/turn                p - ring "Dilofakh" {rPois Str+6 SInv Stlth+}
MPRegen 0.68/turn                N - ring of Ximnunt {rF+ rN+ rCorr}

@: in a heavenly storm, glowing, studying 3 skills
A: small, no large weapons, nightstalker 3, talons 1, thin skeletal structure 1,
clarity
0: Orb of Zot
}: 3/15 runes: barnacled, slimy, gossamer
a: Renounce Religion, Wall Jump, Serpent's Lash, Heavenly Storm


You escaped.
You worshipped Wu Jian.
Wu Jian was exalted by your worship.
You visited 12 branches of the dungeon, and saw 56 of its levels.
You also visited: Trove, Gauntlet, Ice Cave and Desolation.

You collected 9195 gold pieces.
You spent 5788 gold pieces at shops.

Inventory:

Hand Weapons
 a - a +9 short sword of distortion (weapon)
Missiles
 q - 11 curare-tipped darts (quivered)
 u - 6 throwing nets {!f}
Armour
 l - a +3 buckler of cold resistance (worn)
 m - the +2 leather armour of Otamy {rF+ rCorr Dex+2}
   (You took it off a ragged hierophant in the Desolation of Salt)

   Dex:       It affects your dexterity (+2).
   rF:        It protects you from fire.
   rCorr:     It protects you from acid and corrosion.
 w - a +2 pair of gloves (worn)
 B - a +2 cloak of willpower (worn)
 H - the +0 pair of boots of Omission (worn) {rElec}
   (You found it on level 4 of the Spider Nest)

   rElec:     It insulates you from electricity.
 P - a +2 helmet (worn)
 Q - quicksilver dragon scales
 Y - a +2 robe of willpower (worn)
Jewellery
 f - the ring "Anugruokh" {Int+6 Dex+4}
   (You took it off a deep elf annihilator on level 3 of the Elven Halls)

   [ring of intelligence]

   Int:       It affects your intelligence (+6).
   Dex:       It affects your dexterity (+4).
 h - a ring of willpower {=R}
 k - an amulet of magic regeneration (around neck)
 p - the ring "Dilofakh" (left hand) {rPois Str+6 SInv Stlth+}
   (You found it in an ice cave)

   [ring of strength]

   Str:       It affects your strength (+6).
   rPois:     It protects you from poison.
   SInv:      It lets you see invisible.
   Stlth:     It makes you more stealthy.
 F - the ring of Zasoamn {rF+ Str+3}
   (You took it off a ragged hierophant in the Desolation of Salt)

   [ring of protection from fire]

   Str:       It affects your strength (+3).
   rF:        It protects you from fire.
 K - a ring of wizardry
 M - the ring "Kaimuc" {Drain rF++ rN+ Int+3 Stlth+}
   (You found it on level 3 of the Crypt)

   [ring of positive energy]

   Int:       It affects your intelligence (+3).
   rF:        It greatly protects you from fire.
   rN:        It protects you from negative energy.
   Drain:     It drains your maximum health when unequipped.
   Stlth:     It makes you more stealthy.
 N - the ring of Ximnunt (right hand) {rF+ rN+ rCorr}
   (You found it on level 3 of the Crypt)

   [ring of positive energy]

   rF:        It protects you from fire.
   rN:        It protects you from negative energy.
   rCorr:     It protects you from acid and corrosion.
Wands
 b - a wand of roots (34)
 c - a wand of acid (4)
 d - a wand of digging (20)
 n - a wand of charming (26)
 z - a wand of mindburst (28)
Scrolls
 g - 4 scrolls of enchant armour
 t - 2 scrolls of silence
 y - 3 scrolls of immolation
 E - 4 scrolls of amnesia
 G - 10 scrolls of vulnerability
 I - a scroll of summoning
 L - 9 scrolls of fear {@r4}
 T - 2 scrolls of blinking {@r5}
 U - 9 scrolls of poison
 W - 8 scrolls of fog {@r2}
 X - 22 scrolls of teleportation {@r3}
Potions
 e - 5 potions of lignification
 i - 3 potions of heal wounds {@q2}
 j - 2 potions of brilliance {@q5}
 o - 6 potions of magic
 r - 4 potions of ambrosia
 v - 6 potions of might {@q3}
 x - a potion of haste {@q4}
 D - 17 potions of curing {@q1}
 J - 7 potions of mutation {@q6}
 O - a potion of cancellation
 Z - 2 potions of invisibility
Miscellaneous
 s - a tin of tremorstones (2/2)
 A - a box of beasts (inert)
 C - a lightning rod (4/4)
 R - a phial of floods
 S - a condenser vane (inert)
 V - a phantom mirror


   Skills:
 - Level 20.0 Fighting
 O Level 27 Short Blades
 - Level 1.0 Staves
 - Level 4.0 Throwing
 - Level 8.0 Armour
 - Level 21.0 Dodging
 + Level 18.3 Stealth
 - Level 8.0 Shields
 - Level 16.0 Spellcasting
 - Level 12.0 Conjurations
 - Level 8.0 Hexes
 - Level 16.0 Summonings
 - Level 16.0 Necromancy
 - Level 7.1 Translocations
 - Level 10.0 Transmutations
 - Level 2.0 Fire Magic
 - Level 14.0 Earth Magic
 - Level 2.0 Poison Magic
 - Level 1.0 Invocations
 + Level 18.2 Evocations


You had 10 spell levels left.
You knew the following spells:

 Your Spells              Type           Power      Damage    Failure   Level
a - Borgnjor's Vile Clut  Necr/Erth      36%        N/A       1%          5
b - Iskenderun's Mystic   Conj/Tloc      58%        2d12      1%          4
c - Petrify               Tmut/Erth      65%        N/A       1%          4
d - Haunt                 Necr/Summ      37%        N/A       4%          7
e - Ignite Poison         Fire/Tmut/Pois 39%        N/A       1%          3
f - Lee's Rapid Deconstr  Erth           35%        3d18*     1%          5
g - Passwall              Tmut/Erth      54%        N/A       1%          2
i - Irradiate             Conj/Tmut      31%        3d22      1%          5
s - Iron Shot             Conj/Erth      33%        9d7       3%          6
t - Blink                 Tloc           100%       N/A       1%          2
x - Dispel Undead         Necr           75%        3d25      1%          4
z - Apportation           Tloc           100%       N/A       1%          1

Your spell library contained the following spells:

 Spells                   Type           Power      Damage    Failure   Level
 Kiss of Death            Conj/Necr      100%       2d13      0%          1
 Necrotise                Necr           100%       1d9       0%          1
 Sandblast                Erth           100%       2d20      0%          1
 Summon Small Mammal      Summ           100%       N/A       0%          1
 Beastly Appendage        Tmut           100%       N/A       1%          1
 Foxfire                  Conj/Fire      100%       2x1d6     1%          1
 Magic Dart               Conj           100%       1d8       1%          1
 Sting                    Tmut/Pois      100%       1d8       1%          1
 Cigotuvi's Dreadful Rot  Necr/Pois/Air  92%        N/A       1%          2
 Ensorcelled Hibernation  Hex/Ice        72%        N/A       1%          2
 Lesser Beckoning         Tloc           100%       N/A       1%          2
 Momentum Strike          Conj/Tloc      100%       3d10      1%          2
 Searing Ray              Conj           100%       2d8       1%          2
 Call Canine Familiar     Summ           75%        N/A       1%          3
 Confusing Touch          Hex            53%        N/A       1%          3
 Dazzling Flash           Conj/Hex       100%       N/A       1%          3
 Gell's Gravitas          Tloc           51%        N/A       1%          3
 Hailstorm                Conj/Ice       46%        3d11      1%          3
 Inner Flame              Hex/Fire       41%        N/A       1%          3
 Mephitic Cloud           Conj/Pois/Air  39%        N/A       1%          3
 Portal Projectile        Hex/Tloc       100%       N/A       1%          3
 Stone Arrow              Conj/Erth      100%       3d13      1%          3
 Teleport Other           Tloc           51%        N/A       1%          3
 Anguish                  Hex/Necr       32%        N/A       1%          4
 Animate Armour           Summ/Erth      100%       N/A       1%          4
 Animate Dead             Necr           75%        N/A       1%          4
 Cause Fear               Hex            26%        N/A       1%          4
 Fulminant Prism          Conj/Hex       29%        3d13      1%          4
 Leda's Liquefaction      Hex/Erth       31%        N/A       1%          4
 Summon Ice Beast         Ice/Summ       53%        N/A       1%          4
 Summon Lightning Spire   Summ/Air       53%        N/A       1%          4
 Blade Hands              Tmut           29%        N/A       1%          5
 Iskenderun's Battlesphe  Conj           65%        2d11      1%          5
 Summon Forest            Summ/Tloc      32%        N/A       1%          5
 Vhi's Electric Charge    Tloc/Air       68%        N/A       2%          3
 Flame Wave               Conj/Fire      50%        2d12      2%          4
 Manifold Assault         Tloc           51%        N/A       2%          4
 Sticky Flame             Conj/Fire      50%        2d7       2%          4
 Kindle Blastsparks       Fire/Tloc/Air  64%        2d15      3%          3
 Freeze                   Ice            72%        1d8       4%          1
 Poisonous Vapours        Pois/Air       46%        N/A       4%          2
 Statue Form              Tmut/Erth      43%        N/A       4%          6
 Summon Hydra             Summ           37%        N/A       4%          7
 Ice Form                 Ice/Tmut       41%        N/A       5%          4
 Fireball                 Conj/Fire      25%        3d11      6%          5
 Alistair's Intoxication  Tmut/Pois      30%        N/A       10%         5
 Arcjolt                  Conj/Air       23%        1d33      10%         5
 Spellforged Servitor     Conj/Summ      35%        N/A       11%         7
 Frozen Ramparts          Ice            36%        1d6       12%         3
 Ozocubu's Armour         Ice            18%        N/A       12%         3
 Swiftness                Air            18%        N/A       12%         3
 Olgreb's Toxic Radiance  Pois           27%        N/A       19%         4
 Freezing Cloud           Conj/Ice/Air   18%        6-21      22%         5
 Metabolic Englaciation   Hex/Ice        18%        N/A       22%         5
 Simulacrum               Ice/Necr       26%        N/A       24%         6
 Malign Gateway           Summ/Tloc      32%        N/A       30%         7
 Starburst                Conj/Fire      25%        6d8       34%         6
 Borgnjor's Revivificati  Necr           37%        N/A       36%         8
 Infestation              Necr           37%        N/A       36%         8
 Airstrike                Air            9%         2d(2-18)  38%         4
 Eringya's Noxious Bog    Tmut/Pois      23%        N/A       47%         6
 Dragon Form              Tmut           29%        N/A       50%         7
 Plasma Beam              Fire/Air       11%        2x1d16    58%         5
 Necromutation            Tmut/Necr      33%        N/A       78%         8
 Storm Form               Tmut/Air       20%        N/A       99%         7
 Death's Door             Necr           37%        N/A       99%         9
 Dragon's Call            Summ           37%        N/A       99%         9
 Ozocubu's Refrigeration  Ice            9%         4d9       100%        7
 Ignition                 Fire           13%        3d6       100%        8
 Maxwell's Capacitive Co  Air            9%         ∞         100%        8
 Polar Vortex             Ice            9%         N/A       100%        9


Dungeon Overview and Level Annotations

Branches:
Dungeon (15/15)            Temple (1/1) D:7            Lair (5/5) D:8
 Shoals (4/4) Lair:3       Spider (4/4) Lair:3        Slime (5/5) Lair:4
    Orc (2/2) D:12            Elf (3/3) Orc:2        Vaults (5/5) D:14
  Crypt (3/3) Vaults:2       Tomb (0/3) Crypt:3      Depths (4/4) D:15
    Zot (5/5) Depths:4      IceCv (visited)         Desolation (visited)
Gauntlet (visited)

Altars:
Ashenzari
Cheibriados
Dithmenos
Elyvilon
Fedhas
Gozag
Hepliaklqana
Kikubaaqudgha
Makhleb
Nemelex Xobeh
Okawaru
Qazlal
Ru
Sif Muna
Trog
Uskayaw
Vehumet
Wu Jian
Xom
Yredelemnul
Zin
The Shining One
Jiyva
Lugonu

Shops:
D:5 [   D:8 [   D:11 !([?:   Orc:1 =   Orc:2 *:*[(   Elf:2 (   Shoals:2 *
Shoals:4 :   Vaults:3 [[**   Vaults:4 *   Zot:3 *   Depths:1 (   Depths:2 *=
Depths:3 *

Portals:
Hell: Depths:1 Depths:2 Depths:3 Depths:4
Abyss: Depths:3 Depths:4
Pandemonium: Depths:2 Depths:3
Ziggurat: Depths:4

Annotations:
Elf:2 3 runed translucent doors
Depths:2 4 transporters
Depths:4 1 runed translucent door, 1 exclusion


Innate Abilities, Weirdness & Mutations

You are small and have problems with some larger weapons.
You are completely attuned to the shadows.
You have sharp toenails.
You have a somewhat thin skeletal structure. (Dex +2, Stealth+)
You possess an exceptional clarity of mind.


Message History

Casting: Borgnjor's Vile Clutch (mildly dangerous; 1% risk of failure)
Confirm with . or Enter, or press ? or * to list all spells.
Aiming: Iron Shot (mildly dangerous; 3% risk of failure)
Press: ? - help, Shift-Dir - straight line, f/p - Executioner
Aim: an Executioner (lightly wounded, constricted by zombie hands, ally target, 100% to hit)
The iron shot hits the Executioner!!
The Executioner is heavily wounded.
The zombie hands constrict the Executioner!
The Executioner hits you but does no damage. x3
Your wraith hits the Executioner.
Your wraith drains the Executioner's vigour!
The Executioner seems to slow down.
The Executioner gestures.
The Executioner seems to speed up.
Casting: Iron Shot (mildly dangerous; 3% risk of failure)
Confirm with . or Enter, or press ? or * to list all spells.
Aiming: Iron Shot (mildly dangerous; 3% risk of failure)
Press: ? - help, Shift-Dir - straight line, f/p - Executioner
Aim: an Executioner (severely wounded, fast, not watching you, slow, constricted by zombie hands, ally target, 100% to hit)
The iron shot hits the Executioner!!
You kill the Executioner!
The Council accepts your kill.
(D) Dungeon (T) Temple (L) Lair (A) Shoals (N) Spider Nest (M) Slime Pits (O) Orcish Mines (E) Elven Halls (V) Vaults (C) Crypt (W) Tomb (U) Depths (H) Hell (Z) Zot
Where to? (Enter - D:1 @ (x,y), ? - help)
Your wraith disappears in a puff of smoke! x2
You see here a +0 spear.
There is a stone staircase leading up here.
You climb upwards.
There is a stone staircase leading down here.
Magic restored.
There is an open door here.
There is an open door here.
There is an open door here.
There is a staircase leading out of the dungeon here.
The air is filled with shimmering golden clouds!
Sifu Yunchang says: The storm will not cease as long as you keep fighting, disciple!
You have escaped!

########### ###.#
#).......## #...#
#.######.## #'#.# #.# #.##
#.#.# #.# #.## #'#.####.#
#.## #.#...##.## #...
##§###.....########
#######☼§☼#####........#
#.'.'.§☼@☼☼.'.'.#...##.##
#.#####☼☼§#####......#.#.
#.### ##☼##.####.....#.#.
#...####.#...........#.#.
###....#'#..#####..#...#.
##.#.#.#...# #..#...#.
#.#.#+#...# #..#.#>..
#.#.#.##..####..#.#...
######.#.............#.....


There were no monsters in sight!

Vanquished Creatures
  the Royal Jelly (Slime:5)
  2 dread liches
  Mara (Elf:3)
  5 orbs of fire (Zot:5)
  A Killer Klown (Zot:4)
  The ghost of Qokuxyre the Slayer, a veteran DrSu of Gozag (Zot:3)
  Margery (Crypt:2)
  3 curse toes
  Nikola (Vaults:3)
  3 bone dragons
  2 golden dragons
  Jory (Crypt:2)
  4 electric golems
  A shard shrike zombie (Crypt:3)
  The ghost of MirrMurr the Conqueror, an adept OgBe of Trog (Shoals:4)
  The ghost of Zachyss the Slayer, an adept MiFi of Qazlal (Elf:2)
  Jorgrun (D:15)
  19 Orb Guardians
  Asterion (Spider:2)
  11 tentacled monstrosities
  3 titans
  4 liches
  2 deep elf master archers (Elf:3)
  3 quicksilver dragons
  2 deep elf blademasters (Elf:3)
  11 acid blobs
  An Executioner (D:2)
  8 ancient champions
  4 sphinxes
  Gastronok (D:10)
  Kirke (Lair:3)
  5 tengu reavers
  A shadow dragon (shapeshifter) (Vaults:5)
  3 death cobs
  9 storm dragons
  A revenant (Crypt:1)
  6 shadow dragons
  11 fire giants
  A fenstrider witch (shapeshifter) (Vaults:5)
  6 draconian knights
  10 azure jellies (Slime:5)
  11 frost giants
  8 rockslimes
  9 deep elf sorcerers
  5 draconian monks
  3 iron dragons
  3 draconian scorchers
  An emperor scorpion (Spider:1)
  A curse skull (Crypt:3)
  3 deep elf elementalists
  6 ghost moths
  6 vault wardens
  An orc warlord (Orc:2)
  4 spectral caustic shrikes (Depths:4)
  7 draconian shifters
  3 ghouls (Crypt:1)
  8 draconian annihilators
  2 draconian stormcallers
  9 ironbound preservers
  2 spriggan defenders
  14 very ugly things
  2 broodmothers
  2 war gargoyles
  The ghost of emiel the Geomancer, a journeyman DrEE of Vehumet (Elf:2)
  7 quicksilver oozes (Slime:5)
  11 vampire knights
  4 deep elf demonologists
  6 ironbound thunderhulks
  12 stone giants
  10 red draconians
  The ghost of Voseoddeff the Spry, a journeyman MfGl of Wu Jian (Orc:1)
  A minotaur (Gauntlet)
  7 spark wasps
  7 white draconians
  2 halazid warlocks (Desolation)
  12 black draconians
  14 green draconians
  13 dire elephants
  8 deep elf annihilators (Elf:3)
  11 yellow draconians
  2 eidola
  6 purple draconians
  An entropy weaver (Spider:4)
  9 deep elf death magi
  4 merfolk javelineers
  A green death (D:10)
  8 ettins
  3 crystal guardians
  7 fire dragons
  5 merfolk impalers
  2 mummy priests (Crypt:3)
  5 deep elf high priests
  Josephine (D:15)
  9 jiangshi
  2 spriggan zombies (Crypt:3)
  10 yaktaur captains
  7 hydras
  7 ragged hierophants (Desolation)
  2 rakshasas
  4 ogre magi
  30 vault guards
  Fannar (D:10)
  6 ironbound frosthearts
  5 ice dragons
  7 great orbs of eyes
  3 spriggan air magi (Depths:3)
  5 peacekeepers
  6 servants of whispers (Desolation)
  3 catoblepae
  A hell beast (Gauntlet)
  2 satyrs
  5 centaur warriors
  11 death yaks
  A jorogumo (Spider:4)
  3 merfolk avatars
  2 merfolk aquamancers (Shoals:4)
  A fenstrider witch skeleton (Crypt:2)
  2 radroaches
  13 dancing weapons
  2 death knights
  10 deep troll shamans
  2 bennu skeletons (Crypt:3)
  8 tengu warriors
  12 boulder beetles
  The ghost of surr the Markself, a journeyman DEGl of Gozag (D:9)
  19 two-headed ogres
  5 orc high priests
  5 spriggan berserkers
  A titan zombie (Crypt:3)
  6 deep troll earth magi
  Sonja (D:12)
  A soul eater (Crypt:1)
  9 vampire magi
  22 deep elf knights
  A sun demon (D:15)
  8 hell knights
  A skyshark (Shoals:2)
  A spectral death yak (Lair:5)
  3 shadow wraiths (Crypt:3)
  2 spark wasp zombies
  A fire crab (shapeshifter) (D:14)
  9 iron trolls
  An anaconda zombie (Crypt:3)
  11 skeletal warriors
  6 pharaoh ants
  A spectral anaconda (Lair:5)
  7 sea snakes
  57 deep trolls
  2 orb spiders (Spider:4)
  12 flayed ghosts
  3 lindwurms (Vaults:1)
  A glowing orange brain (D:9)
  5 wizards
  5 orc knights
  Pikel (D:4)
  2 obsidian statues
  12 steelbarb worms
  16 ironbound convokers
  14 deep elf archers
  2 phantasmal warriors (Crypt:2)
  13 harpies
  13 necromancers
  33 deep elf zephyrmancers
  30 deep elf pyromancers
  3 oklob plants
  4 orc sorcerers
  5 cyclopes
  13 wolf spiders
  8 manticores
  A stone giant skeleton (Crypt:3)
  5 fauns
  22 ugly things
  A fire giant skeleton (Crypt:2)
  32 moths of wrath
  A cyclops (shapeshifter) (Depths:4)
  5 water nymphs
  22 elephants
  5 guardian serpents (Desolation)
  A rust devil (Gauntlet)
  A dire elephant zombie (Lair:5)
  6 black mambas
  An ice statue (IceCv)
  6 merfolk sirens
  16 vault sentinels
  2 gargoyles
  12 cane toads
  2 smoke demons (D:5)
  2 spectral iron trolls (Crypt:3)
  6 demonic crawlers
  9 tengu conjurers
  An efreet (D:10)
  An unseen horror (D:6)
  26 yaktaurs
  2 kobold demonologists
  8 rime drakes
  9 freezing wraiths
  A steelbarb worm zombie (Crypt:2)
  4 komodo dragons
  9 guardian mummies
  A yellow draconian skeleton (Crypt:2)
  7 meliai
  A catoblepas skeleton (Crypt:1)
  A troll (shapeshifter) (D:14)
  2 spectral deep trolls (Crypt:3)
  3 polar bears
  A wolf spider simulacrum (D:14)
  8 trolls
  Grinder (D:5)
  A tarantella (shapeshifter) (D:13)
  18 merfolk
  5 wind drakes
  24 tarantellas
  16 hornets
  A spectral elephant (Lair:5)
  45 saltlings (Desolation)
  2 wind drakes (shapeshifter) (D:9)
  Prince Ribbit (D:9)
  6 dream sheep
  10 snapping turtles
  A guardian serpent zombie (Crypt:3)
  56 slime creatures
  23 blink frogs
  A harpy skeleton (Crypt:3)
  A jumping spider (shapeshifter) (D:14)
  10 culicivoras
  15 jumping spiders
  2 fire dragon skeletons (Crypt:3)
  2 shadows (D:12)
  A spriggan (shapeshifter) (Elf:1)
  5 wyverns
  4 air elementals (Elf:1)
  A dire elephant simulacrum (Lair:5)
  14 wraiths
  16 water elementals
  A ynoxinul (Gauntlet)
  6 golden eyes (Slime:2)
  6 spriggans
  8 basilisks
  54 yaks
  A tyrant leech zombie (Crypt:3)
  4 fire elementals
  4 hogs (Lair:3)
  2 ushabtiu (Crypt:3)
  A hog (shapeshifter) (D:9)
  2 neqoxecs (D:9)
  A steam dragon (D:6)
  36 redbacks
  A yaktaur simulacrum (Vaults:1)
  19 vampire mosquitoes
  A death yak simulacrum (Lair:5)
  A minotaur simulacrum (Crypt:3)
  2 two-headed ogre zombies (Crypt:2)
  A naga zombie (Crypt:3)
  2 spectral cane toads (Lair:5)
  2 wargs (Orc:2)
  A harpy simulacrum (D:14)
  A faun zombie (Crypt:2)
  2 acid dragons
  3 nameless horrors
  Duvessa (D:7)
  3 hell hounds
  8 water moccasins
  2 sky beasts
  3 ice beasts
  38 orc warriors
  2 elephant zombies (Lair:5)
  A black bear (D:4)
  20 ogres
  11 wolves
  A centaur (shapeshifter) (D:9)
  A torpor snail zombie (Crypt:1)
  9 boggarts
  3 lemures
  3 centaurs
  An elephant skeleton (Lair:5)
  3 kobold brigands
  14 earth elementals
  4 gnoll sergeants
  Blork the orc (D:5)
  12 bullfrogs
  4 cane toad simulacra
  6 scorpions
  Dowan (D:7)
  4 killer bees (Spider:1)
  An elephant simulacrum (IceCv)
  5 howler monkeys
  5 electric eels
  5 hounds
  A human zombie (Crypt:1)
  3 jellies
  16 orc priests
  3 gnoll boudas
  2 sleepcaps (D:7)
  3 iron imps (Gauntlet)
  Jessica (D:3)
  Ijyb (D:5)
  3 iguanas
  31 orc wizards
  A human skeleton (Crypt:1)
  10 hell rats (Lair:5)
  A deep dwarf skeleton (Crypt:2)
  A hound skeleton (Crypt:1)
  12 mummies
  Robin (D:3)
  4 adders
  32 gnolls
  A steam dragon zombie (Crypt:1)
  2 shadow imps
  An iguana skeleton (Crypt:1)
  3 worms
  A dart slug (D:5)
  120 orcs
  5 ball pythons
  11 endoplasms
  A giant cockroach (D:3)
  14 goblins
  9 hobgoblins
  6 bats
  4 frilled lizards
  A kobold (shapeshifter) (D:9)
  22 kobolds
  An orc zombie (Crypt:1)
  4 rats
2194 creatures vanquished.

Vanquished Creatures (collateral kills)
  Dissolution (Lair:4)
  An orb of fire (Zot:5)
  A Killer Klown (Zot:5)
  Frederick (Vaults:3)
  4 golden dragons
  Arachne (Spider:4)
  A profane servitor (Crypt:3)
  An electric golem (Zot:1)
  A tentacled monstrosity (Zot:4)
  2 liches
  6 Orb Guardians
  3 acid blobs
  A sphinx (Depths:2)
  A walking frostbound tome (Depths:2)
  3 quicksilver dragons
  A titan (Depths:3)
  4 shadow dragons
  A tengu reaver (Vaults:3)
  Roxanne (Spider:4)
  A draconian monk (Zot:5)
  2 rockslimes (Slime:4)
  A storm dragon (Depths:4)
  A draconian knight (Zot:5)
  4 vault wardens
  2 imperial myrmidons (Desolation)
  3 draconian stormcallers (Zot:5)
  3 frost giants
  An emperor scorpion (Spider:4)
  A spectral caustic shrike (Depths:4)
  2 draconian scorchers (Zot:3)
  2 very ugly things
  3 draconian annihilators
  2 vampire knights
  4 stone giants
  An ironbound preserver (Vaults:4)
  A red draconian (Zot:5)
  A spark wasp (Spider:4)
  A purple draconian (Zot:5)
  A halazid warlock (Desolation)
  2 merfolk javelineers (Shoals:4)
  2 fire dragons
  3 merfolk impalers
  A jiangshi (Crypt:1)
  An entropy weaver (Spider:1)
  4 ragged hierophants (Desolation)
  A yaktaur captain (Vaults:2)
  A servant of whispers (Desolation)
  2 ice dragons
  A peacekeeper (Desolation)
  A merfolk avatar (Shoals:3)
  2 merfolk aquamancers (Shoals:4)
  A death knight (Crypt:1)
  A satyr (Shoals:2)
  2 boulder beetles (Spider:4)
  A hell hog (Zot:2)
  A spriggan berserker (Depths:4)
  3 hell knights
  A spriggan (Depths:4)
  An iron troll (Depths:4)
  3 pharaoh ants
  A sun moth (Spider:1)
  A deep troll (Depths:3)
  A shadow demon (D:7)
  4 orb spiders
  A glowing orange brain (Vaults:3)
  A wizard (Vaults:4)
  4 harpies
  5 ironbound convokers
  2 steelbarb worms
  3 fauns
  4 wolf spiders (Spider:4)
  2 cyclopes
  2 ugly things
  4 manticores
  2 shining eyes
  A shock serpent zombie (Crypt:3)
  A merfolk siren (Shoals:4)
  2 vault sentinels (Vaults:3)
  A water nymph (Shoals:4)
  An eye of devastation (Slime:5)
  A torpor snail (Spider:3)
  3 yaktaurs
  A wind drake (Shoals:2)
  A human zombie (Vaults:1)
  A blink frog (Lair:5)
  3 meliai
  2 tarantellas (Spider:4)
  A queen bee (Spider:1)
  4 hornets
  A saltling (Desolation)
  A snapping turtle (Shoals:4)
  6 jumping spiders
  A slime creature (Slime:4)
  An ettin zombie (Vaults:1)
  7 culicivoras
  A wraith (D:11)
  5 dream sheep
  3 water elementals (Shoals:4)
  16 redbacks
  A spectral cane toad (Lair:5)
  A water moccasin (shapeshifter) (Depths:4)
  An ogre (Orc:1)
  A nameless horror (Zot:3)
  7 killer bees (Spider:1)
  An electric eel (Spider:2)
  A mummy (Crypt:1)
  A worm (Spider:3)
  5 orcs
228 creatures vanquished.

Vanquished Creatures (others)
  A death cob (Zot:3)
  A vault warden (Vaults:5)
  2 very ugly things
  A purple draconian (Zot:2)
  A bennu zombie (Crypt:3)
  A deep elf knight (Elf:1)
  An emperor scorpion zombie (Spider:4)
  An ironbound convoker (Vaults:3)
  A broodmother zombie (Spider:4)
  6 wolf spider zombies
  2 manticores (Shoals:1)
  A minotaur zombie (Spider:2)
  3 steelbarb worm zombies (Spider:4)
  4 merfolk zombies (Shoals:4)
  11 redback zombies
  An orb spider zombie (Spider:4)
  A demonic crawler zombie (Spider:2)
  5 harpy zombies
  5 jumping spider zombies
  4 tarantella zombies (Spider:4)
  A meliai zombie (Spider:4)
  3 culicivora zombies
  A satyr zombie (Shoals:3)
  2 slime creatures (Slime:5)
  A human (Spider:1)
  4 faun zombies (Shoals:3)
  A snapping turtle zombie (Shoals:3)
  A manticore zombie (Shoals:4)
  A boggart (Vaults:2)
  3 hornet zombies (Spider:3)
  A cyclops zombie (Shoals:3)
  An orc (D:5)
  A demonic plant (Gauntlet)
  32 fulminant prisms
  52 fungi
  109 plants
  22 withered plants
289 creatures vanquished.

Grand Total: 2711 creatures vanquished

Notes
Turn   | Place    | Note
-------+----------+-------------------------------------------
     0 | D:1      | PaperRat the Kobold Wanderer began the quest for the Orb.
     0 | D:1      | PaperRat set off with the following items: a +0
                  | quarterstaff, a +0 cloak, a potion of curing {@q1}, a +0
                  | robe; and the following spell memorised: Sandblast; and the
                  | following spells available to memorise: Passwall, Petrify.
     0 | D:1      | Reached XP level 1. HP: 10/10 MP: 2/2
   286 | D:1      | Reached XP level 2. HP: 15/15 MP: 0/4
   440 | D:1      | Found a faded altar of an unknown god.
   481 | D:1      | Learned a level 2 spell: Passwall
   744 | D:1      | Reached XP level 3. HP: 19/19 MP: 2/5
  1155 | D:1      | Reached skill level 1 in Short Blades
  1737 | D:2      | Reached skill level 1 in Fighting
  1760 | D:2      | Reached XP level 4. HP: 25/25 MP: 3/7
  1879 | D:2      | Identified the +0 robe of Divine Intervention {rN+ Int-5
                  | Dex+5}
  2002 | D:2      | Reached skill level 2 in Short Blades
  2169 | D:2      | Learned a level 4 spell: Petrify
  2822 | D:3      | Reached XP level 5. HP: 30/30 MP: 6/8
  2994 | D:3      | Noticed Jessica
  2999 | D:3      | Killed Jessica
  3000 | D:3      | Reached skill level 1 in Transmutations
  3198 | D:3      | Found an opulent altar of Gozag.
  3373 | D:3      | Noticed Robin
  3476 | D:3      | Killed Robin
  4012 | D:4      | Noticed an ogre
  4105 | D:4      | Reached XP level 6. HP: 35/35 MP: 6/9
  4134 | D:4      | Identified the +2 cloak "Joup Bed" {rPois rC- Int+2}
  4368 | D:4      | Noticed an orc warrior
  4475 | D:4      | Reached skill level 5 in Earth Magic
  4520 | D:4      | Noticed a black bear
  5079 | D:4      | Killed a black bear
  5080 | D:4      | Reached XP level 7. HP: 40/40 MP: 7/10
  5220 | D:5      | Entered Level 5 of the Dungeon
  5237 | D:5      | Noticed Ijyb
  5243 | D:5      | Killed Ijyb
  5444 | D:5      | Noticed Grinder
  5447 | D:5      | Killed Grinder
  5448 | D:5      | Reached skill level 3 in Short Blades
  5448 | D:5      | Reached XP level 8. HP: 44/45 MP: 10/12
  5482 | D:5      | Noticed Blork the orc
  5602 | D:5      | Killed Blork the orc
  5603 | D:5      | Reached skill level 5 in Stealth
  5683 | D:4      | Noticed Pikel
  5823 | D:5      | Found Oriomoix's Armour Shop.
  6013 | D:5      | Reached skill level 4 in Short Blades
  6050 | D:5      | Found a white marble altar of Elyvilon.
  6055 | D:5      | Became a worshipper of Elyvilon the Healer
  6443 | D:5      | Reached skill level 1 in Dodging
  6842 | D:6      | Reached * piety under Elyvilon
  7159 | D:6      | Found a transporter.
  7175 | D:6      | Found a transporter.
  7325 | D:6      | Reached XP level 9. HP: 50/52 MP: 13/13
  7329 | D:6      | Reached skill level 5 in Transmutations
  8327 | D:6      | Killed an unseen horror
  8426 | D:6      | Found a transporter.
  8443 | D:6      | Found a transporter.
  9722 | D:4      | Killed Pikel
  9775 | D:4      | Reached XP level 10. HP: 57/58 MP: 13/14
 10783 | D:7      | Reached ** piety under Elyvilon
 10820 | D:7      | Reached skill level 5 in Fighting
 10840 | D:7      | Learned a level 3 spell: Call Canine Familiar
 10990 | D:7      | Noticed Duvessa
 10999 | D:7      | Noticed Dowan
 11001 | D:7      | Killed Duvessa
 11037 | D:7      | Found a staircase to the Ecumenical Temple.
 11066 | D:7      | Killed Dowan
 11123 | Temple   | Entered the Ecumenical Temple
 11296 | Temple   | Fell from the grace of Elyvilon
 11296 | Temple   | Became a worshipper of the Wu Jian Council
 12092 | D:7      | Found a staircase to the Ecumenical Temple.
 12657 | D:8      | Reached skill level 1 in Summonings
 13173 | D:8      | Reached * piety under Wu Jian
 13178 | D:8      | Reached skill level 5 in Short Blades
 13178 | D:8      | Reached XP level 11. HP: 43/66 MP: 12/16
 13261 | D:8      | Found the +1 cloak of Starlight {*Dazzle EV+4 Stlth--}
 13394 | D:8      | Noticed an orc sorcerer
 13397 | D:8      | Killed an orc sorcerer
 13398 | D:8      | Reached skill level 5 in Dodging
 13624 | D:8      | Found Wuclaowu's Armour Shoppe.
 13715 | D:8      | Found an ancient bone altar of Kikubaaqudgha.
 13719 | D:8      | Found a shimmering blue altar of Sif Muna.
 13723 | D:8      | Got Sif Muna's Directory of Variation
 13726 | D:8      | Found a radiant altar of Vehumet.
 13925 | D:8      | Found a staircase to the Lair.
 14454 | D:9      | Noticed Prince Ribbit
 14462 | D:9      | Killed Prince Ribbit
 14551 | D:9      | Found a burning altar of Makhleb.
 14579 | D:9      | Reached ** piety under Wu Jian
 14580 | D:9      | Reached skill level 6 in Short Blades
 14888 | D:9      | Found a runed translucent gate.
 14889 | D:9      | Found a runed translucent gate.
 14889 | D:9      | Noticed a white ugly thing
 14890 | D:9      | Found a runed translucent gate.
 14890 | D:9      | Noticed a cyan ugly thing
 14893 | D:9      | Noticed a wolf spider
 14944 | D:9      | Found a broken altar of Ashenzari.
 15153 | D:9      | Found a glowing silver altar of Zin.
 15236 | D:9      | Noticed an ice dragon
 15244 | D:9      | Killed an ice dragon
 15248 | D:9      | Noticed a red ugly thing
 15248 | D:9      | Noticed a purple ugly thing
 15440 | D:9      | Found a sparkling altar of Nemelex Xobeh.
 15748 | D:9      | Noticed a glowing orange brain
 15750 | D:9      | Noticed a purple ugly thing
 15846 | D:9      | Reached skill level 10 in Stealth
 15919 | D:10     | Entered Level 10 of the Dungeon
 16079 | D:10     | Noticed Fannar
 16094 | D:10     | Killed Fannar
 16095 | D:10     | Reached skill level 7 in Short Blades
 16402 | D:10     | Noticed Gastronok
 16426 | D:10     | Killed Gastronok
 16427 | D:10     | Reached skill level 5 in Summonings
 16547 | D:10     | Reached XP level 12. HP: 75/75 MP: 10/18
 16642 | D:10     | Reached *** piety under Wu Jian
 16778 | D:10     | Reached skill level 8 in Short Blades
 17078 | Lair:1   | Entered Level 1 of the Lair of Beasts
 17148 | Lair:1   | Reached skill level 9 in Short Blades
 17314 | Lair:1   | Noticed a boulder beetle
 17323 | Lair:1   | Killed a boulder beetle
 17473 | Lair:1   | Reached skill level 10 in Short Blades
 17474 | Lair:1   | Reached skill level 10 in Fighting
 17675 | Lair:1   | Learned a level 3 spell: Confusing Touch
 18254 | Lair:2   | Reached skill level 1 in Shields
 18393 | Lair:2   | Reached **** piety under Wu Jian
 18489 | Lair:2   | Reached skill level 5 in Evocations
 18559 | Lair:2   | Reached XP level 13. HP: 82/82 MP: 19/19
 19352 | Lair:2   | Reached skill level 5 in Shields
 19483 | Lair:3   | Reached skill level 1 in Hexes
 19544 | Lair:3   | Found a hole to the Spider Nest.
 19835 | Lair:3   | Identified 2 scrolls of acquirement
 19835 | Lair:3   | Acquired a +3 quick blade of freezing
 19836 | Lair:3   | Acquired 809 gold pieces
 20176 | Lair:3   | Found a staircase to the Shoals.
 20633 | Lair:3   | Reached skill level 5 in Spellcasting
 20756 | Lair:3   | Noticed a four-headed hydra
 20758 | Lair:3   | Killed a four-headed hydra
 20758 | Lair:3   | Reached XP level 14. HP: 88/88 MP: 21/21
 21193 | Lair:4   | Found a viscous altar of Jiyva.
 22148 | Lair:4   | Found a staircase to the Slime Pits.
 22208 | Lair:5   | Entered Level 5 of the Lair of Beasts
 22493 | Lair:5   | Reached ***** piety under Wu Jian
 22865 | Lair:5   | Reached skill level 5 in Hexes
 23274 | Lair:5   | Reached skill level 10 in Earth Magic
 23275 | Lair:5   | Reached skill level 10 in Transmutations
 24014 | Lair:5   | Noticed a dire elephant
 24015 | Lair:5   | Killed a dire elephant
 24031 | Lair:5   | Noticed a dire elephant
 24032 | Lair:5   | Killed a dire elephant
 24033 | Lair:5   | Reached skill level 1 in Armour
 24033 | Lair:5   | Reached XP level 15. HP: 92/92 MP: 24/24
 24037 | Lair:5   | Learned a level 3 spell: Ignite Poison
 24807 | Lair:5   | Learned a level 4 spell: Fulminant Prism
 25042 | Lair:5   | Reached skill level 1 in Conjurations
 25439 | Lair:5   | Reached skill level 1 in Fire Magic
 25439 | Lair:5   | Reached skill level 1 in Poison Magic
 26705 | Lair:5   | Identified the amulet "Cak Paw" {Harm rN+ Regen+ rCorr
                  | Str-2}
 27185 | D:9      | Found a runed translucent gate.
 27185 | D:9      | Found a runed translucent gate.
 27195 | D:9      | Found a runed translucent gate.
 27200 | D:9      | Noticed surr's ghost (journeyman DEGl)
 27223 | D:9      | Killed surr's ghost
 27256 | D:9      | Learned a level 1 spell: Apportation
 27397 | D:11     | Found Eduyxywo's Armour Shop.
 27408 | D:11     | Found Qaozxib's Weapon Emporium.
 27481 | D:11     | Found Irphem's Book Emporium.
 27485 | D:11     | Found Lesutadie's Distillery.
 27486 | D:11     | Bought 2 throwing nets for 90 gold pieces
 27486 | D:11     | Found Wath's Magic Scroll Emporium.
 27501 | D:11     | Bought a potion of invisibility for 96 gold pieces
 27501 | D:11     | Bought a potion of heal wounds for 60 gold pieces
 27501 | D:11     | Bought a potion of haste for 120 gold pieces
 27505 | D:11     | Bought a scroll of blinking for 105 gold pieces
 27505 | D:11     | Bought a scroll of vulnerability for 56 gold pieces
 27505 | D:11     | Bought a scroll of acquirement for 728 gold pieces
 27505 | D:11     | Acquired a book of Death
 27512 | D:11     | Learned a level 4 spell: Animate Dead
 27993 | D:11     | Identified the +3 hand axe of the Fray {heavy, rN++ Int+4}
 28343 | D:12     | Found a gate leading to a gauntlet.
 28371 | Gauntlet | Entered a Gauntlet
 28372 | Gauntlet | Found a transporter.
 28382 | Gauntlet | Found a transporter.
 28382 | Gauntlet | Found a transporter.
 28432 | Gauntlet | Found a transporter.
 28432 | Gauntlet | Found a transporter.
 28441 | Gauntlet | Found a transporter.
 28449 | Gauntlet | Found a runed translucent door.
 28467 | Gauntlet | Found a transporter.
 28467 | Gauntlet | Found a transporter.
 28485 | Gauntlet | Found a transporter.
 28586 | Gauntlet | Found a transporter.
 28586 | Gauntlet | Found a transporter.
 28604 | Gauntlet | Found a transporter.
 28660 | Gauntlet | Identified the amulet "Gykhliga" {Faith +Inv rN+}
 28808 | Gauntlet | Identified the amulet of Duarais {Faith Will+ Int+3}
 29018 | Gauntlet | Identified the +2 robe of Crawling {rElec rCorr Int-4}
 29399 | D:12     | Found a staircase to the Orcish Mines.
 29448 | D:12     | Reached ****** piety under Wu Jian
 29469 | D:12     | Noticed Sonja
 29485 | D:12     | Killed Sonja
 29486 | D:12     | Reached skill level 5 in Conjurations
 29547 | D:12     | Identified the +3 dagger of Uteus {freeze, Fragile rN+
                  | Will+ Int+6}
 30044 | Orc:1    | Entered Level 1 of the Orcish Mines
 30259 | Orc:2    | Entered Level 2 of the Orcish Mines
 30287 | Orc:2    | Found Tamuomp's General Store.
 30331 | Orc:2    | Found a frozen archway.
 30424 | IceCv    | Entered an ice cave
 30446 | IceCv    | Reached XP level 16. HP: 98/98 MP: 12/25
 30472 | IceCv    | Found a transporter.
 30497 | IceCv    | Found a transporter.
 30571 | IceCv    | Identified the ring "Dilofakh" {rPois Str+6 SInv Stlth+}
 30746 | Orc:2    | Bought a scroll of fear for 52 gold pieces
 30858 | Orc:2    | Found Qagoynn's Book Boutique.
 30865 | Orc:2    | Reached skill level 1 in Necromancy
 30870 | Orc:2    | Found Qegy's Assorted Antiques.
 31112 | Orc:2    | Found Ufritt's Antique Armour Shop.
 31161 | Orc:1    | Found Menar's Jewellery Shop.
 31336 | Orc:2    | Found Abuhy's Antique Weapon Boutique.
 31380 | Orc:2    | Bought an encrusted helmet for 342 gold pieces
 31380 | Orc:2    | Identified the +1 helmet of the Arcane {Stlth+} (You bought
                  | it in a shop on level 2 of the Orcish Mines)
 31431 | Orc:2    | Found a staircase to the Elven Halls.
 32335 | Orc:2    | Found a staircase to the Elven Halls.
 32373 | Orc:2    | Found Tamuomp's General Store.
 32390 | Orc:2    | Found Qagoynn's Book Boutique.
 32468 | Orc:2    | Found Ufritt's Antique Armour Shop.
 32767 | Orc:2    | Found Qegy's Assorted Antiques.
 32809 | Orc:2    | Found Abuhy's Antique Weapon Boutique.
 33014 | Orc:1    | Found a runed translucent door.
 33014 | Orc:1    | Noticed Voseoddeff's ghost (journeyman MfGl)
 33075 | Orc:1    | Killed Voseoddeff's ghost
 33088 | Orc:1    | Identified the +2 short sword of Fortitude {holy, rN+ Str+3
                  | Dex+3 Stlth+}
 33091 | Orc:1    | Identified the +6 sling "Rolesh Vite" {freeze, rN++}
 33278 | Orc:1    | Bought a ring of willpower for 450 gold pieces
 33311 | Orc:2    | Bought the Codex of the Indurated Salamander for 494 gold
                  | pieces
 34744 | D:14     | Found a glowing golden altar of the Shining One.
 34744 | D:14     | Found a white marble altar of Elyvilon.
 34745 | D:14     | Found a glowing silver altar of Zin.
 34917 | D:14     | Reached skill level 10 in Dodging
 34962 | D:14     | Found a gate to the Vaults.
 35510 | D:14     | Noticed a sphinx
 35513 | D:14     | Killed a sphinx
 35514 | D:14     | Reached skill level 5 in Necromancy
 35514 | D:14     | Reached XP level 17. HP: 106/106 MP: 29/29
 35973 | D:14     | Learned a level 5 spell: Borgnjor's Vile Clutch
 35995 | D:15     | Entered Level 15 of the Dungeon
 36004 | D:15     | Learned a level 2 spell: Blink
 36021 | D:15     | Noticed Jorgrun
 36021 | D:15     | Noticed Josephine
 36021 | D:15     | Killed Jorgrun
 36021 | D:15     | Reached skill level 1 in Translocations
 36021 | D:15     | Killed Josephine
 36834 | D:15     | Found a staircase to the Depths.
 37299 | Spider:1 | Entered Level 1 of the Spider Nest
 37324 | Spider:1 | Noticed Kirke
 37625 | Lair:3   | Killed Kirke
 38232 | Spider:2 | Noticed Asterion
 38480 | Spider:2 | You fall into a shaft and drop 1 floor!
 38594 | Spider:2 | Noticed an Executioner
 38594 | Spider:2 | Killed Asterion
 38955 | Spider:2 | Reached XP level 18. HP: 113/113 MP: 13/31
 39129 | Spider:2 | Your ally Asterion died
 40830 | Spider:3 | Learned a level 4 spell: Dispel Undead
 40831 | Spider:4 | Entered Level 4 of the Spider Nest
 40910 | Spider:4 | Reached skill level 1 in Throwing
 41218 | Spider:4 | Noticed Roxanne
 41257 | Spider:4 | Killed Roxanne
 41397 | Spider:4 | Reached skill level 10 in Spellcasting
 41466 | Spider:4 | Reached skill level 10 in Necromancy
 41741 | Spider:4 | Noticed Arachne
 41753 | Spider:4 | Killed Arachne
 42094 | Spider:4 | Found a hide-covered altar of Uskayaw.
 42449 | Spider:4 | Reached XP level 19. HP: 79/120 MP: 21/33
 42608 | Spider:4 | Reached XP level 20. HP: 124/126 MP: 3/34
 42877 | Spider:4 | Identified the +0 pair of boots of Omission {rElec}
 42901 | Spider:4 | Got a gossamer rune of Zot
 43184 | D:11     | Bought a +2 pair of boots of flying for 365 gold pieces
 43209 | D:11     | Bought a scroll of blinking for 105 gold pieces
 43209 | D:11     | Bought a scroll of teleportation for 42 gold pieces
 43209 | D:11     | Bought a scroll of teleportation for 42 gold pieces
 43355 | Shoals:1 | Entered Level 1 of the Shoals
 44661 | Shoals:2 | Reached skill level 10 in Summonings
 44722 | Shoals:2 | Found Muanem's General Store.
 46911 | Shoals:4 | Entered Level 4 of the Shoals
 47156 | Shoals:4 | Identified the +11 scimitar of Karma {flame, rElec Will+++
                  | rCorr Dex-4}
 47442 | Shoals:4 | Found Kyze's Book Shop.
 47445 | Shoals:4 | Bought a manual of Fighting for 960 gold pieces
 47554 | Shoals:4 | Reached skill level 15 in Fighting
 47569 | Shoals:4 | Got a barnacled rune of Zot
 48005 | Shoals:4 | Found a runed translucent door.
 48006 | Shoals:4 | Noticed MirrMurr's ghost (adept OgBe)
 48017 | Shoals:4 | Killed MirrMurr's ghost
 48294 | Shoals:4 | Reached XP level 21. HP: 134/134 MP: 36/36
 48526 | Shoals:4 | Learned a level 5 spell: Lee's Rapid Deconstruction
 48532 | Shoals:4 | Learned a level 5 spell: Irradiate
 48819 | Orc:2    | Bought a scroll of teleportation for 87 gold pieces
 48840 | Orc:2    | Bought a scroll of teleportation for 39 gold pieces
 48899 | Orc:2    | Learned a level 4 spell: Fulminant Prism
 48900 | Elf:1    | Entered Level 1 of the Elven Halls
 49078 | Elf:1    | Paralysed by an air elemental for 1 turns
 49430 | Elf:1    | Identified the staff of cold "Wuppatam" {+Blink rPois rC+
                  | Str-4}
 49554 | Elf:1    | Identified the +2 battleaxe of Reinforcement {flame, rElec
                  | SInv}
 49686 | Elf:1    | Paralysed by an air elemental for 1 turns
 50833 | Elf:2    | Found Goshruseu's Antique Weapon Shop.
 51230 | Elf:2    | Found a runed translucent gate.
 51231 | Elf:2    | Found a runed translucent gate.
 51232 | Elf:2    | Found a runed translucent gate.
 51420 | Elf:2    | Found a runed translucent gate.
 51420 | Elf:2    | Found a runed translucent gate.
 51420 | Elf:2    | Found a runed translucent gate.
 51657 | Elf:2    | Noticed Zachyss's ghost (adept MiFi)
 51657 | Elf:2    | Noticed emiel's ghost (journeyman DrEE)
 51658 | Elf:2    | Killed emiel's ghost
 51662 | Elf:2    | Killed Zachyss's ghost
 51844 | Elf:3    | Entered Level 3 of the Elven Halls
 52616 | Elf:3    | Reached XP level 22. HP: 134/146 MP: 4/38
 53678 | Elf:3    | Identified the ring of Ukhunlig {Ice *Corrode rPois SInv}
 53847 | Elf:3    | Noticed Mara
 53860 | Elf:3    | Noticed PaperRat's illusion
 54013 | Elf:3    | Noticed PaperRat's illusion
 54597 | Elf:3    | Killed Mara
 54653 | Elf:3    | Identified the +7 great sword "Rezalyvo" {protect, Int+6}
 54653 | Elf:3    | Identified the amulet "Uxuanim" {Faith rC+}
 54712 | Elf:3    | Identified the +0 scale mail of Focus {rPois rC- Str+2
                  | SInv}
 54712 | Elf:3    | Identified the ring "Anugruokh" {Int+6 Dex+4}
 55742 | Elf:3    | Identified the +6 shortbow of Division {antimagic, rF+}
 55757 | Elf:3    | Identified the staff of poison "Cesuckini" {rPois Will++
                  | rCorr}
 56490 | Elf:3    | Learned a level 7 spell: Haunt
 56674 | Vaults:1 | Entered Level 1 of the Vaults
 56743 | Vaults:1 | Reached skill level 15 in Necromancy
 56800 | Vaults:1 | Found a crumbling gateway.
 56823 | Desolati | Entered the Desolation of Salt
 57663 | Desolati | Found the +3 salamander hide armour {Flames, rFlCloud rF++
                  | rC--}
 57670 | Desolati | Got Unukhu Piago's Folio of Dislocation
 57858 | Desolati | Identified the +2 leather armour of Otamy {rF+ rCorr Dex+2}
 57858 | Desolati | Identified the ring of Zasoamn {rF+ Str+3}
 57938 | Desolati | Identified the amulet "Ipteas" {RegenMP Rampage Drain SInv
                  | Stlth+}
 57947 | Desolati | Reached XP level 23. HP: 138/149 MP: 13/39
 57952 | Desolati | Reached skill level 15 in Summonings
 58473 | Desolati | Got the Vademecum on Gritty Venom
 58476 | Desolati | Identified the +3 dagger of Eposicwi {drain, rF- rC+ rCorr
                  | MP+9}
 58529 | Desolati | Found the +6 shillelagh "Devastator" {shatter}
 58985 | Vaults:1 | Learned a level 4 spell: Iskenderun's Mystic Blast
 59565 | Vaults:1 | Found a portal to a secret trove of treasure.
 59955 | Vaults:1 | Reached skill level 5 in Translocations
 60665 | Vaults:2 | Found a staircase to the Crypt.
 61348 | Vaults:2 | Identified the +1 robe "Tionih" {SInv}
 62860 | Shoals:4 | Bought a book of Iron for 432 gold pieces
 63799 | Vaults:3 | Found Verok's Armour Emporium.
 63869 | Vaults:3 | Reached XP level 24. HP: 133/161 MP: 26/40
 64214 | Vaults:3 | Noticed Nikola
 64223 | Vaults:3 | Killed Nikola
 64223 | Vaults:3 | Noticed Frederick
 64230 | Vaults:3 | Killed Frederick
 64291 | Vaults:3 | Learned a level 6 spell: Iron Shot
 64610 | Vaults:3 | Found Botengua's General Store.
 64878 | Vaults:3 | Found Kiwureoj's General Store.
 64883 | Vaults:3 | Bought a potion of heal wounds for 85 gold pieces
 65315 | Vaults:3 | Found Weitag's Antique Armour Shoppe.
 66856 | Vaults:4 | Found Osiajaun's Assorted Antiques.
 67398 | Slime:1  | Entered Level 1 of the Pits of Slime
 67401 | Slime:2  | Noticed Dissolution
 67454 | Lair:4   | Killed Dissolution
 67865 | Slime:5  | Entered Level 5 of the Pits of Slime
 67888 | Slime:5  | Reached skill level 10 in Conjurations
 68408 | Slime:5  | Noticed the Royal Jelly
 68729 | Slime:5  | Killed the Royal Jelly
 68787 | Slime:5  | Reached XP level 25. HP: 135/166 MP: 30/41
 69266 | Slime:5  | Found the +6 Majin-Bo {spellvamp, MP+6 Int+6}
 69351 | Slime:5  | Identified the staff of death "Xaeschus" {rN+ rCorr}
 69365 | Slime:5  | Found the +7 sceptre of Torment {pain, torment}
 69392 | Slime:5  | Got the Dissertation on Horrible Air
 69404 | Slime:5  | Got a slimy rune of Zot
 69406 | Slime:5  | Got the Incunabulum of the Blink Frog
 69420 | Slime:5  | Identified the staff of cold "Jodoq" {rC+ Dex+2}
 69905 | Vaults:3 | Bought a +0 cloak of willpower for 195 gold pieces
 70028 | Vaults:4 | Bought a wand of acid (3) for 567 gold pieces
 70131 | Vaults:3 | Bought a scroll of summoning for 171 gold pieces
 70298 | Depths:1 | Entered Level 1 of the Depths
 70705 | Depths:1 | Found a sacrificial altar of Ru.
 71092 | Depths:1 | Found a gateway to Hell.
 71221 | Depths:1 | Found Wiloysos's Weapon Boutique.
 72314 | Depths:2 | Found Pexatz's Jewellery Shoppe.
 72316 | Depths:2 | Reached skill level 15 in Dodging
 72317 | Depths:2 | Found Hoewkit's Assorted Antiques.
 72332 | Depths:2 | Found a one-way gate leading to the halls of Pandemonium.
 72719 | Depths:2 | Found a transporter.
 72738 | Depths:2 | Found a transporter.
 73038 | Depths:2 | Found a transporter.
 73042 | Depths:2 | Found a transporter.
 73462 | Depths:2 | Reached skill level 15 in Stealth
 74146 | Depths:3 | Found a corrupted altar of Lugonu.
 74610 | Depths:3 | Reached XP level 26. HP: 164/172 MP: 27/41
 74854 | Depths:3 | Reached skill level 10 in Evocations
 75261 | Depths:3 | Identified the staff of air "Pahoul" {rElec rN++ Will-
                  | rCorr}
 75382 | Depths:3 | Reached skill level 15 in Spellcasting
 75624 | Depths:3 | Found a one-way gate to the infinite horrors of the Abyss.
 75773 | Depths:3 | Found Xocora's Pet Rocks.
 75913 | Depths:3 | Identified the +1 ring mail "Sekkopny" {rElec Int+3 Slay+2}
 76079 | Depths:4 | Entered Level 4 of the Depths
 76459 | Vaults:1 | You paid a toll of +2 shadow dragon scales to enter a
                  | treasure trove
 76460 | Trove    | Entered a treasure trove
 76469 | Trove    | Identified the staff of conjuration "Nyrelor" {rN+}
 76486 | Trove    | Identified the staff of poison "Atta" {rElec rPois Will+}
 76624 | D:11     | Bought a scroll of enchant armour for 105 gold pieces
 77210 | Depths:4 | Found a one-way gateway to a ziggurat.
 77415 | Depths:4 | Found a gate to the Realm of Zot.
 77490 | Depths:4 | Found a runed translucent door.
 77592 | Depths:4 | Found a runed translucent door.
 77599 | Depths:4 | Found a runed translucent door.
 77605 | Depths:4 | Found a runed translucent door.
 77667 | Depths:4 | Found a runed translucent door.
 77707 | Depths:4 | Found a runed translucent door.
 78039 | Depths:4 | Found a glowing golden altar of the Shining One.
 79343 | Zot:1    | Entered Level 1 of the Realm of Zot
 79430 | Zot:1    | Reached skill level 5 in Armour
 79663 | Zot:1    | Reached XP level 27. HP: 167/179 MP: 11/42
 81130 | Zot:2    | Identified the +5 broad axe "Ceyr" {distort, +Blink}
 81917 | Zot:2    | You fall into a shaft and drop 2 floors!
 83236 | Zot:3    | Found a runed translucent gate.
 83237 | Zot:3    | Found a runed translucent gate.
 83237 | Zot:3    | Found an opulent altar of Gozag.
 83618 | Zot:3    | Found a runed translucent gate.
 83620 | Zot:3    | Found Dusinal's Assorted Antiques.
 83621 | Zot:3    | Noticed Qokuxyre's ghost (veteran DrSu)
 84252 | Zot:3    | Killed Qokuxyre's ghost
 84422 | Zot:4    | Reached skill level 15 in Evocations
 84423 | Zot:4    | Reached skill level 11 in Short Blades
 85102 | Zot:4    | Reached skill level 12 in Short Blades
 85653 | Zot:4    | Noticed a Killer Klown
 85658 | Zot:4    | Killed a Killer Klown
 85797 | Zot:5    | Entered Level 5 of the Realm of Zot
 86592 | Zot:5    | Reached skill level 13 in Short Blades
 87171 | Zot:5    | Noticed an orb of fire
 87171 | Zot:5    | Gained mutation: Armour fits poorly on your strangely
                  | shaped body. [an orb of fire]
 87222 | Zot:5    | Noticed a dread lich
 87222 | Zot:5    | Gained mutation: You are dopey. (Int -2) [an orb of fire]
 87222 | Zot:5    | Noticed an orb of fire
 87229 | Zot:4    | Killed a dread lich
 87384 | Zot:5    | Noticed an orb of fire
 87493 | Zot:5    | Noticed an orb of fire
 87497 | Zot:5    | Gained mutation: Your magical capacity is low. (-10% MP)
                  | [an orb of fire]
 87506 | Zot:5    | Killed an orb of fire
 87507 | Zot:5    | Killed an orb of fire
 87507 | Zot:5    | Reached skill level 14 in Short Blades
 87512 | Zot:5    | Gained mutation: You have hidden genetic defects. [an orb
                  | of fire]
 87515 | Zot:5    | Killed an orb of fire
 87522 | Zot:5    | Gained mutation: You are frail. (-10% HP) [mutagenic glow]
 87590 | Zot:4    | Lost mutation: You are frail. (-10% HP) [potion of
                  | mutation]
 87590 | Zot:4    | Lost mutation: You are dopey. (Int -2) [potion of mutation]
 87590 | Zot:4    | Lost mutation: You have hidden genetic defects. [potion of
                  | mutation]
 87590 | Zot:4    | Gained mutation: Your spells are a little harder to cast,
                  | but a little more powerful. [potion of mutation]
 87590 | Zot:4    | Gained mutation: You occasionally shout uncontrollably at
                  | your foes. [potion of mutation]
 87591 | Zot:4    | Lost mutation: Armour fits poorly on your strangely shaped
                  | body. [potion of mutation]
 87591 | Zot:4    | Lost mutation: You occasionally shout uncontrollably at
                  | your foes. [potion of mutation]
 87591 | Zot:4    | Lost mutation: Your magical capacity is low. (-10% MP)
                  | [potion of mutation]
 87591 | Zot:4    | Gained mutation: You have a somewhat thin skeletal
                  | structure. (Dex +2, Stealth+) [potion of mutation]
 87591 | Zot:4    | Gained mutation: You are weak. (Str -2) [potion of
                  | mutation]
 87591 | Zot:4    | Gained mutation: You have a pair of small antennae on your
                  | head. [potion of mutation]
 87592 | Zot:4    | Lost mutation: You have a pair of small antennae on your
                  | head. [potion of mutation]
 87592 | Zot:4    | Lost mutation: You are weak. (Str -2) [potion of mutation]
 87592 | Zot:4    | Lost mutation: Your spells are a little harder to cast, but
                  | a little more powerful. [potion of mutation]
 87592 | Zot:4    | Gained mutation: You possess an exceptional clarity of
                  | mind. [potion of mutation]
 87592 | Zot:4    | Gained mutation: You have sharp toenails. [potion of
                  | mutation]
 87862 | Zot:5    | Noticed a Killer Klown
 87863 | Zot:5    | Killed an orb of fire
 87869 | Zot:5    | Killed a Killer Klown
 87870 | Zot:5    | Reached skill level 15 in Short Blades
 87977 | Zot:5    | Noticed an orb of fire
 87980 | Zot:5    | Banished an orb of fire
 88065 | Zot:5    | Noticed an orb of fire
 88075 | Zot:5    | Killed an orb of fire
 88695 | Zot:5    | Noticed an orb of fire
 88704 | Zot:5    | Killed an orb of fire
 88705 | Zot:5    | Reached skill level 16 in Short Blades
 89432 | Zot:5    | Reached skill level 17 in Short Blades
 90589 | Zot:5    | Noticed a Killer Klown
 90621 | Zot:5    | Banished a Killer Klown
 90622 | Zot:5    | Reached skill level 18 in Short Blades
 91029 | Zot:5    | Reached skill level 19 in Short Blades
 92410 | Crypt:1  | Entered Level 1 of the Crypt
 92561 | Crypt:1  | Reached skill level 20 in Short Blades
 92882 | Crypt:1  | You fall into a shaft and drop 1 floor!
 92936 | Crypt:2  | Noticed Jory
 92937 | Crypt:2  | Killed Jory
 93683 | Crypt:2  | Reached skill level 21 in Short Blades
 94558 | Crypt:2  | Noticed Margery
 94565 | Crypt:2  | Killed Margery
 94815 | Crypt:3  | Entered Level 3 of the Crypt
 94975 | Crypt:3  | Reached skill level 22 in Short Blades
 95605 | Crypt:3  | Reached skill level 23 in Short Blades
 95657 | Crypt:3  | Identified the +10 shortbow of False Accusations {flame,
                  | +Blink Str+5 Dex+7}
 96397 | Crypt:3  | Found a staircase to the Tomb.
 96759 | Crypt:3  | Found an ancient bone altar of Kikubaaqudgha.
 96759 | Crypt:3  | Found a basalt altar of Yredelemnul.
 96774 | Crypt:3  | Identified the staff of air "Uloibioc" {rElec Will+ Str+2}
 96823 | Crypt:3  | Found the +8 demon blade "Leech" {evervamp, Harm Drain rN+}
 96832 | Crypt:3  | Identified the ring "Kaimuc" {Drain rF++ rN+ Int+3 Stlth+}
 96832 | Crypt:3  | Identified the ring of Ximnunt {rF+ rN+ rCorr}
 96834 | Crypt:3  | Identified the staff of poison "Toreriys" {rPois rF+ MP-9
                  | Dex+4}
 96878 | Crypt:3  | Reached skill level 24 in Short Blades
 97828 | Vaults:5 | Entered Level 5 of the Vaults
 98251 | Vaults:4 | Reached skill level 25 in Short Blades
 98862 | Vaults:5 | Noticed a dread lich
 98869 | Vaults:5 | Killed a dread lich
 98870 | Vaults:5 | Reached skill level 26 in Short Blades
 99004 | Vaults:5 | Identified the +8 hand axe "Ysod" {holy, rElec rC+ Dex+4}
 99690 | Vaults:5 | Reached skill level 27 in Short Blades
100999 | Zot:5    | Got the Orb of Zot
101314 | D:10     | Noticed Pimoock Kaot the pandemonium lord
101391 | D:9      | Noticed a seraph
101561 | D:$      | Escaped with the Orb!

Illustrated notes

Levels and vault maps discovered:
D:1:      minmay_arrival_doors, layout_basic,
          shapermc_ecumenical_altar_flowoftime, minmay_fountain_box,
          minmay_misc_feat_rugged
D:2:      layout_basic
D:3:      layout_basic, nicolae_gozag_seed_capital, kennysheep_nondescript,
          dk_noncrumbling_3, minmay_misc_feat_pillars, chequers_arboretum,
          uniq_jessica, uniq_robin
D:4:      layout_basic, uniq_pikel
D:5:      nicolae_BIG_FREAKIN_CUBE, layout_loops_ring, marbit_many_paths,
          serial_shops, nicolae_inconvenience_store, uniq_grinder, uniq_ijyb,
          uniq_blork_the_orc
D:6:      gammafunk_steamed_eel, layout_loops_corners, minmay_chambers_of_fives
D:7:      layout_gridville, minmay_temple_entry_junction, uniq_duvessa
D:8:      cheibrodos_wizards_tower, layout_basic,
          grunt_temple_overflow_magic_moments, grunt_lair_entry_orc_guard_hut,
          serial_shops, nicolae_shop_stone, chequers_mini_garden, moated_statue,
          solitary_fountain
D:9:      dragon1_lemuel, layout_long_grid, kennysheep_little_box,
          mainiacjoe_overflow_catwalk_spiral, ashenzari_altar_1,
          ploomutoo_gammafunk_ghost_potion_laboratory,
          chequers_hall_statues_wall_a, uniq_prince_ribbit1
D:10:     layout_roguey [special_room_orc], uniq_fannar, uniq_gastronok
D:11:     layout_irregular_city, serial_shops, shop, minmay_shop_grid_forest
D:12:     layout_gridville, hiddenorc2_lemuel, gauntlet_entry_generic,
          uniq_sonja
D:13:     layout_stronghold, lemuel_flamethrower_1
D:14:     minmay_box_of_curves, layout_basic, david_vaults_4, good_gods_temple_1
D:15:     grunt_enter_depths_hoard, layout_basic, nicolae_twisting_strands,
          uniq_jorgrun, uniq_josephine
Temple:   oiseaux_autumnal_temple
Lair:1:   layout_loops_ring, serial_bayou_pond_a, minivault_26,
          lemuel_fruit_fields, infiniplex_staircase_pool
Lair:2:   layout_small_grid, serial_bayou_pond_e, grunt_megastairs_1
Lair:3:   cheibrodos_lair_river_kwai, layout_cave_pods,
          minmay_shoals_entry_lonely_mermaid,
          nicolae_spider_entry_lesser_pyramids, lemuel_fruit_tree,
          grunt_megastairs_4
Lair:4:   layout_regular_city, minmay_slime_entry_oklob_enclosed
Lair:5:   due_jungle_book, layout_misc_corridors, special_room
          [special_room_mythical_zoo]
Shoals:1: layout_shoals, nicolae_shoals_pincushion_passage
Shoals:2: layout_shoals, serial_shops, shop
Shoals:3: layout_shoals
Shoals:4: shoals_end_hangedman, layout_shoals, gammafunk_ghost_grave,
          serial_shops, nicolae_shop_behind_doors
Spider:1: layout_spider_delve, nicolae_looking_at_the_future, uniq_kirke
Spider:2: layout_spider_delve, special_room, hangedman_spider_tarantella_strand,
          uniq_asterion
Spider:3: layout_spider_delve, drop_trap, hive_lemuel
Spider:4: hellmonk_spider_rune_bug_friends, nicolae_spider_altar_of_dancing,
          uniq_roxanne, uniq_arachne
Slime:1:  layout_caves
Slime:2:  layout_caves, uniq_dissolution
Slime:3:  layout_caves
Slime:4:  layout_caves
Slime:5
Orc:1:    layout_caves, gammafunk_ghost_grave, serial_shops, shop,
          nicolae_orc_lava_room
Orc:2:    grunt_orc_gardens, layout_caves, grunt_orc_garden, grunt_orc_garden,
          grunt_orc_garden, grunt_orc_garden,
          portal_ice_cave_entry_animals_and_master, serial_shops, shop_statue,
          minmay_orc_temple_c
Elf:1:    minmay_elf_arrival_plus, layout_onion_city,
          kennysheep_underground_church, lemuel_flamethrower_2
Elf:2:    nicolae_elf_blades_splatter_lattice [nicolae_blade_tridents],
          layout_onion_city, gammafunk_ghost_cemetery, serial_shops,
          nicolae_shop_hallway_stairs
Elf:3:    minmay_elf_hall_curves, layout_geoelf_grid, grunt_megastairs_2,
          uniq_mara
Vaults:1: portal_desolation_entry_garden, v_rooms_5,
          vaults_room_grunt_arrival_ludios, v_misc_26,
          nicolae_vaults_network_barrier, v_rooms_6,
          nicolae_vaults_know_your_exits, v_misc_15, layout_vaults_omnibox,
          enter_trove_0
Vaults:2: vaults_mumra_lcd, vaults_mumra_chevron,
          nicolae_vaults_network_periphery, hangedman_vaults_stagger,
          minmay_crypt_entry_simple_corners, ontoclasm_vaults_bender,
          vaults_room_fours, ontoclasm_vaults_fault, vaults_dpeg_ring,
          dpeg_vaults_monster_box, layout_vaults_chaotic_city
Vaults:3: mu_enter_wizlab_2, ontoclasm_vaults_decontamination,
          hangedman_vaults_hat, hangedman_vaults_stitches,
          ontoclasm_vaults_idyll, v_misc_11, hangedman_vaults_slice,
          hangedman_vaults_corner_blocks, v_alt_pattern_6, st_check,
          vaults_room_corners, vaults_dpeg_encased_lava,
          layout_vaults_omnicross, serial_shops, shop_fountains, shop, shop,
          nicolae_lakefront_shop, uniq_nikola, uniq_frederick
Vaults:4: nicolae_vaults_big_angled_halls, v_misc_13, vaults_room_fancy_cross,
          vaults_room_octagon, nicolae_vaults_network_star,
          nicolae_vaults_ring_of_whatevers, nicolae_vaults_three_branches,
          ontoclasm_vaults_spin, vaults_room_stairs_pillars,
          layout_vaults_maze_bifur, serial_shops, nicolae_shop_trees
Vaults:5
Crypt:1:  layout_misc_corridors, grunt_crypt_arrival_guarded_gate
Crypt:2:  layout_regular_city, grunt_megastairs_5, uniq_josephina, uniq_margery,
          uniq_jory
Crypt:3:  lightli_unholy_cathedral, layout_chaotic_city,
          nicolae_tomb_entry_grand_gallery, skrybe_necro_troll_2
Depths:1: layout_honeycomb, nicolae_ru_awakened_eye, serial_shops,
          nicolae_shop_stone, grunt_metal_band, fountainhead,
          hangedman_cracks_in_the_wall
Depths:2: nzn_winding_woodlands_three_and_one [nzn_winding_woodlands_5x15_pool,
          nzn_winding_woodlands_5x15_pathside_ponds,
          nzn_winding_woodlands_5x15_lazy_stream,
          nzn_winding_woodlands_center_triple_pond], layout_cave_shapes,
          pan_entry, chequers_serial_rivers_small_a, hell_entry, abandoned_shop,
          nicolae_diode_intersection, minmay_shop_star
Depths:3: evilmike_hourglass, layout_basic, pf_coc_iceberg,
          abyss_entry_flame_altar, pan_entry,
          nicolae_concentric_dashed_squares_wild, guppyfry_shop_earth
Depths:4: evilmike_zot_entry_castle, layout_cave_pools, enter_ziggurat_c,
          tso_metal_star, pf_hell_entry_tar_river, marbit_kobold_abyss_entry,
          lightli_minifort
Zot:1:    layout_basic, grunt_ministairs_13
Zot:2:    layout_misc_corridors
Zot:3:    layout_cathedral_of_symmetry, ebering_ghost_gozag
Zot:4:    layout_concentric_octagons
Zot:5:    layout_basic

Skill      XL: |  1  2  3  4  5  6  7  8  9 10 11 12 13 14 15 16 17 18 19 20 21 22 23 24 25 26 27 |
---------------+----------------------------------------------------------------------------------+-----
Stealth        | 2 3 4 6 8 10 12 13 14 15 17 18 | 18.3
Spellcasting   | 2 3 4 5 6 8 9 10 11 12 13 14 15 16 | 16.0
Short Blades   | 1 2 3 4 5 7 10 27 | 27.0
Fighting       | 1 2 4 6 8 10 11 12 13 15 17 18 19 20 | 20.0
Transmutations | 2 3 4 6 7 8 10 | 10.0
Earth Magic    | 5 6 8 10 13 14 | 14.0
Dodging        | 2 3 4 6 7 8 10 11 12 14 16 19 21 | 21.0
Evocations     | 3 4 5 6 8 9 14 18 | 18.2
Summonings     | 2 5 6 8 9 11 12 14 16 | 16.0
Shields        | 2 5 7 8 |  8.0
Hexes          | 3 5 7 8 |  8.0
Armour         | 1 4 5 8 |  8.0
Conjurations   | 6 10 12 | 12.0
Fire Magic     | 2 |  2.0
Poison Magic   | 2 |  2.0
Necromancy     | 5 9 11 12 13 15 16 | 16.0
Translocations | 2 7 |  7.1
Throwing       | 4 |  4.0
Staves         | |  1.0
Invocations    | |  1.0

Action                     |  1- 3 |  4- 6 |  7- 9 | 10-12 | 13-15 | 16-18 | 19-21 | 22-24 | 25-27 || total
---------------------------+-------+-------+-------+-------+-------+-------+-------+-------+-------++-------
  Melee: Short sword       |     8 |     2 |       |    31 |   137 |   909 |   512 |   811 |  1025 ||  3435
         Dagger            |     1 |    18 |    42 |   390 |  1131 |       |       |       |       ||  1582
         Punch             |       |     1 |     2 |     9 |     3 |       |       |       |       ||    15
  Throw: Dart              |       |     1 |    12 |    12 |    21 |    12 |     1 |     9 |     6 ||    74
         Throwing net      |       |       |       |       |       |       |       |     2 |       ||     2
   Cast: Sandblast         |    51 |    81 |    80 |   139 |    37 |    22 |       |       |       ||   410
         Passwall          |     1 |     7 |     9 |     6 |    22 |    26 |    68 |       |    38 ||   177
         Petrify           |       |       |    13 |    57 |   116 |    67 |    14 |     4 |     9 ||   280
         Call Canine Famil |       |       |       |     3 |    53 |    23 |     3 |     2 |       ||    84
         Confusing Touch   |       |       |       |       |    19 |    15 |       |     1 |       ||    35
         Ignite Poison     |       |       |       |       |    13 |       |       |     2 |       ||    15
         Fulminant Prism   |       |       |       |       |     6 |     1 |     4 |    21 |       ||    32
         Apportation       |       |       |       |       |     3 |       |       |       |     6 ||     9
         Borgnjor's Vile C |       |       |       |       |       |   149 |   127 |   230 |   379 ||   885
         Animate Dead      |       |       |       |       |       |    14 |     6 |       |       ||    20
         Dispel Undead     |       |       |       |       |       |     2 |    10 |     2 |    88 ||   102
         Lee's Rapid Decon |       |       |       |       |       |       |     7 |    38 |    45 ||    90
         Irradiate         |       |       |       |       |       |       |     2 |    34 |    80 ||   116
         Haunt             |       |       |       |       |       |       |       |    67 |   148 ||   215
         Iskenderun's Myst |       |       |       |       |       |       |       |     1 |    13 ||    14
         Iron Shot         |       |       |       |       |       |       |       |    38 |   411 ||   449
         Blink             |       |       |       |       |       |       |       |     1 |     6 ||     7
 Invoke: Serpent's Lash    |       |       |       |       |    13 |    13 |    15 |    24 |    40 ||   105
         Heavenly Storm    |       |       |       |       |       |     1 |       |       |     1 ||     2
Ability: Lunge             |       |       |       |    40 |   115 |   146 |   121 |   107 |   174 ||   703
         Whirlwind         |       |       |       |    16 |   114 |   111 |    59 |    68 |    89 ||   457
  Evoke: Wand              |       |       |    14 |     9 |    13 |    15 |     4 |    13 |    41 ||   109
         Phial of floods   |       |       |       |       |     1 |     4 |       |     1 |     1 ||     7
         Condenser vane    |       |       |       |       |       |     2 |       |     8 |     8 ||    18
         Lightning rod     |       |       |       |       |       |       |       |    14 |     4 ||    18
         Tin of tremorston |       |       |       |       |       |       |       |    10 |    14 ||    24
         Phantom mirror    |       |       |       |       |       |       |       |     2 |       ||     2
         Box of beasts     |       |       |       |       |       |       |       |       |     5 ||     5
    Use: Scroll            |       |     4 |     4 |    11 |    22 |    10 |     8 |    16 |    25 ||   100
         Potion            |       |     2 |       |     5 |     7 |     9 |     4 |    22 |    21 ||    70
   Stab: Sleeping          |     1 |     7 |    10 |    27 |    76 |    91 |   143 |    68 |   139 ||   562
         Invisible         |       |       |     1 |    25 |    64 |    28 |    14 |     8 |       ||   140
         Petrified         |       |       |    12 |    50 |    47 |    42 |     6 |    11 |     8 ||   176
         Petrifying        |       |       |       |     9 |    29 |     8 |     3 |       |       ||    49
         Distracted        |       |       |       |       |    10 |     7 |     3 |     8 |    20 ||    48
         Confused          |       |       |       |       |    17 |    15 |       |       |       ||    32
         Betrayed ally     |       |       |       |       |       |     2 |       |       |       ||     2
 Armour: Robe              |     1 |    16 |    23 |    60 |   101 |    90 |    30 |    28 |     6 ||   355
         Skin              |       |       |       |       |    10 |       |       |       |    11 ||    21
         Leather armour    |       |       |       |       |       |       |       |    35 |   144 ||   179
         Quicksilver drago |       |       |       |       |       |       |       |       |    37 ||    37
  Dodge: Dodged            |     6 |    36 |    61 |   377 |   690 |   508 |   235 |   519 |  1081 ||  3513
  Block: Buckler           |       |       |       |       |   203 |   238 |   115 |   242 |   427 ||  1225

Table legend: (Time is in decaauts)
 A = Elapsed time spent in this place.
 B = Non-inter-level travel time spent in this place.
 C = Inter-level travel time spent in this place.
 D = Time resting spent in this place.
 E = Time spent auto-exploring this place.
 F = Levels seen in this place.
 G = Mean time per level.
                   A        B        C        D        E       F      G
               +--------+--------+--------+--------+--------+-----+--------+
         Total | 100576 |  89477 |  11099 |  21972 |  39465 |  60 | 1676.3 |
       Dungeon |  25977 |  21922 |   4055 |   3133 |  10682 |  15 | 1731.8 |
        Temple |    202 |    176 |     26 |      0 |    157 |   1 |  202.0 |
          Lair |  10352 |   9122 |   1230 |   2017 |   4429 |   5 | 2070.4 |
        Shoals |   5550 |   4998 |    552 |    558 |   2963 |   4 | 1387.5 |
   Spider Nest |   5286 |   4931 |    355 |   1032 |   2207 |   4 | 1321.5 |
    Slime Pits |   1959 |   1919 |     40 |   1170 |      0 |   5 |  391.8 |
  Orcish Mines |   3249 |   2844 |    405 |    113 |   1734 |   2 | 1624.5 |
   Elven Halls |   7565 |   7219 |    346 |   2387 |   2730 |   3 | 2521.7 |
        Vaults |  10539 |   9072 |   1467 |   2257 |   4221 |   5 | 2107.8 |
         Crypt |   4802 |   4602 |    200 |   1466 |   2160 |   3 | 1600.7 |
        Depths |   9462 |   8348 |   1114 |   2571 |   3442 |   4 | 2365.5 |
           Zot |  12610 |  11305 |   1305 |   4518 |   3954 |   5 | 2522.0 |
         Trove |     47 |     47 |      0 |      0 |      0 |   1 |   47.0 |
      Ice Cave |    218 |    218 |      0 |     98 |      0 |   1 |  218.0 |
    Desolation |   2085 |   2085 |      0 |    630 |    642 |   1 | 2085.0 |
      Gauntlet |    666 |    666 |      0 |     19 |    141 |   1 |  666.0 |
               +--------+--------+--------+--------+--------+-----+--------+

Top non-repeatable levels by time:
   Zot:5: 4517 daAuts
   Elf:3: 4460 daAuts
  Lair:5: 4292 daAuts
   Zot:4: 2804 daAuts
Vaults:4: 2768 daAuts
Depths:4: 2646 daAuts
Vaults:2: 2643 daAuts
     D:6: 2625 daAuts
   Orc:2: 2486 daAuts
Depths:3: 2481 daAuts
Depths:2: 2431 daAuts
Vaults:3: 2335 daAuts
     D:9: 2326 daAuts
     D:4: 2201 daAuts
   Zot:1: 2183 daAuts
